[Event "*** Titled Tuesday 3|2 Blitz"]
[Site "Chess.com"]
[Date "2016.07.05"]
[Round "1"]
[White "evgenyermolaev"]
[Black "kpio91"]
[Result "0-1"]
[WhiteElo "2253"]
[BlackElo "2551"]
[TimeControl "180+2"]
[EndTime "11:09:07 PDT"]
[Termination "kpio91 won by resignation"]

1. e4 g6 2. e5 Bg7 3. d4 d6 4.
exd6 cxd6 5. Nf3 Nf6 6. c3 O-O 7. Be2 Nbd7 8. O-O b6 9. Bg5 Bb7 10. Qd2 Ne4 11. Qc1 Nxg5 12. Qxg5 Re8 13. Nbd2 a6 14. Rfe1 Qc7 15. Bc4 e6 16. Bb3 b5 17.
Ne4 d5 18. Ng3 Nb6 19. Re2 a5 20. Rae1 a4 21. Bc2 a3 22. Bd3 Ba6 23. Qd2 axb2 24.
Qxb2 Na4 25. Qb4 Qxc3 26. Qxc3 Nxc3 27. Rc2 b4 28. Bxa6 Rxa6 29. Ne2 Rxa2 30. Rxa2 Nxa2 31. Rb1 Ra8 32. Kf1 Bf8 33. Ke1 Ra3 34. Kd2 Nc3 35. Nxc3 Rxc3 36. Ne1 Rc4 37. Kd3 h5 38. f4 Kg7 39.
Nc2 Bd6 40. g3 h4 41. Ne3 Rc3+ 42. Kd2 Ra3 43. Rb2 Ra1 44. Kd3 hxg3 45. hxg3 Rg1 46.
Rg2 Rxg2 47. Nxg2 g5 48. Ke3 gxf4+ 49. gxf4 Kg6 50. Nh4+ Kh5 51. Nf3 Kg4 52. Nh2+ Kh3 53. Nf3 Kg3 54. f5 exf5 55. Ng5 Bf4+ 0-1

[Event "*** Titled Tuesday 3|2 Blitz"]
[Site "Chess.com"]
[Date "2016.07.05"]
[Round "1"]
[White "mwpchess"]
[Black "saraswathii"]
[Result "1/2-1/2"]
[WhiteElo "2411"]
[BlackElo "1991"]
[TimeControl "180+2"]
[EndTime "11:09:07 PDT"]
[Termination "Game drawn - insufficient material"]

1. e4 c5 2. Nf3 e6 3. d4 cxd4 4. Nxd4 Nf6 5. Nc3 Nc6 6. Nxc6 bxc6 7. e5 Nd5 8. Ne4 f5 9. exf6 Nxf6 10. Nd6+ Bxd6 11.
Qxd6 Qe7 12. Bf4 Nd5 13. Qxe7+ Kxe7 14. Bd2 c5 15. a3 Bb7 16. f3 Bc6 17. O-O-O h5 18.
c4 Nb6 19. Bf4 d5 20. cxd5 Bxd5 21. Be5 Kf7 22. Bd3 Rhd8 23. Bc2 Rd7 24. Bc3 Nc4 25. Rhe1 Rad8 26. h4 Bc6 27. Rxd7+ Rxd7 28. Be4 Bd5 29.
g4 hxg4 30. fxg4 Bxe4 31. Rxe4 Nb6 32. h5 Nd5 33. Bd2 Nf6 34. Ra4 e5 35. Be3 Ke6 36. Bxc5 Rc7 37. b4 Nxg4 38. Rxa7 Rxa7 39. Bxa7 Nf6 40.
b5 Kd7 41. a4 Nxh5 42. a5 Nf4 43. a6 Nd5 44. Bf2 Nc7 45. a7 Na8 46. b6 Kc6 47. Kd2 Kb7 48. Be3 g5 49. Ke2 e4 50. Kf2 Nxb6 51.
Bxb6 Ka8 52. Be3 Kb7 53. Kg3 Ka8 54. Kg4 Kb7 55. Kxg5 Ka8 56. Kf5 Kb7 57. Kxe4 Ka8 58. Kd5 Kb7 59. Kd6 Ka8 60. Kd7 Kb7 61. a8=Q+ Kxa8 1/2-1/2

[Event "*** Titled Tuesday 3|2 Blitz"]
[Site "Chess.com"]
[Date "2016.07.05"]
[Round "1"]
[White "ilya261991"]
[Black "thymathgeek"]
[Result "1-0"]
[WhiteElo "2444"]
[BlackElo "2080"]
[TimeControl "180+2"]
[EndTime "11:09:10 PDT"]
[Termination "ilya261991 won by resignation"]

1. d4 Nf6 2. c4 e6 3. Nf3 Bb4+ 4. Nbd2 d6 5. a3 Bxd2+ 6. Bxd2 O-O 7. g3 Nbd7 8. Bg2 e5 9. O-O Re8 10. b4 a5 11.
bxa5 exd4 12. Nxd4 Ne5 13. Qc2 c6 14. Rab1 Qc7 15.
h3 Bd7 16. Rb2 Reb8 17. Rfb1 Ra7 18. Rb3 Bc8 19. f4 Ned7 20. R3b2 Nc5 21. Nxc6 bxc6 22. Rxb8 Nb7 23. Rxc8+ Qxc8 24. Rb6 Nxa5 25. Bxa5 Rxa5 26.
Qb2 Qe6 27. Rb8+ Ne8 28. Bxc6 Qe3+ 29. Kh2 Qf2+ 30. Bg2 Qe3 31. Qb6 Rxa3 32. Qxe3 Rxe3 33. Kg1 Rxe2 34. Kf1 Re7 35. Bc6 Kf8 36. Rd8 Re3 37. Kf2 Re6 38. Bxe8 Rxe8 39. Rxd6 Rc8 40. Rd4 Ke7 41.
Ke3 Ke6 42. Kd3 Ra8 43. Ke2 Ra3 44. Rd3 Ra1 45. Rc3 Rh1 46. g4 Kd6 47. c5+ Kc6 48.
Kf2 Rd1 49. Ke3 Rd5 50. Ra3 Rxc5 51. Ra7 Rc3+ 52. Kd4 Rxh3 53. Rxf7 g6 54. Ke5 h5 55. g5 Rf3 56. Rf6+ Kd7 57. Rxg6 h4 58. Rh6 h3 59. g6 Ke7 60. Rh7+ Kf8 61. f5 Rg3 62. Kf6 Kg8 63. Ra7 1-0

[Event "*** Titled Tuesday 3|2 Blitz"]
[Site "Chess.com"]
[Date "2016.07.05"]
[Round "1"]
[White "proxy6"]
[Black "LaStreetCmaMaison"]
[Result "0-1"]
[WhiteElo "1927"]
[BlackElo "2418"]
[TimeControl "180+2"]
[EndTime "11:09:14 PDT"]
[Termination "LaStreetCmaMaison won by resignation"]

1. e4 c5 2. Nf3 d6 3. d4 cxd4 4. Nxd4 Nf6 5. Nc3 e5 6. Ndb5 a6 7. Na3 b5 8. b4 Bb7 9. Bd3 d5 10.
exd5 Nxd5 11. Nxd5 Qxd5 12. f3 Bxb4+ 13. Kf1 O-O 14. Rb1 Be7 15. Bb2 Nd7 16. Be4 Qxd1+ 17. Rxd1 Bxe4 18. Rxd7 Bxa3 19. Bxa3 Bf5 20. Re7 Rfd8 21.
Ke2 Be6 22. Rd1 Rdc8 23. Rd2 a5 24. Bd6 Bc4+ 25. Ke1 Bxa2 26. Bxe5 a4 27. Bd6 Be6 28. Ba3 h6 29. Rb7 Bc4 30. Kd1 Re8 31. Kc1 Rad8 32. Re7 Kh7 33. c3 Rxd2 34. Kxd2 Rd8+ 35. Kc1 Bb3 36. Re2 Rd1+ 37. Kb2 Rh1 38. g3 g5 39. Bb4 h5 40. Rf2 h4 41. f4 hxg3 42. hxg3 g4 43. f5 Rg1 44. Bd6 f6 45. Rh2+ Kg7 46. Re2 Bc4 47. Re7+ Kg8 48. Re8+ Kf7 49. Re7+ Kg8 50.
Re8+ Kg7 51. Re7+ Bf7 52. Re2 Rf1 53. Bf4 Bc4 54. Re7+ Kg8 55. Re8+ Kf7 56. Rd8 Rxf4 57. gxf4 g3 58. Rd7+ Kf8 59. Rd8+ Ke7 60. Rd2 Bf1 61.
Ka3 g2 62. Rxg2 Bxg2 0-1

[Event "*** Titled Tuesday 3|2 Blitz"]
[Site "Chess.com"]
[Date "2016.07.05"]
[Round "1"]
[White "twofoxniel"]
[Black "stefanodinn"]
[Result "1/2-1/2"]
[WhiteElo "2523"]
[BlackElo "2246"]
[TimeControl "180+2"]
[EndTime "11:09:25 PDT"]
[Termination "Game drawn - insufficient material"]

1. e4 c5 2. d4 cxd4 3. c3 dxc3 4. Nxc3 Nc6 5. Nf3 d6 6. Bc4 e6 7. O-O Be7 8. Qe2 a6 9. Rd1 Qc7 10. Bf4 Nf6 11. h3 O-O 12. Rd2 Bd7 13. Rad1 Ne5 14. Bb3 Rad8 15. Bg5 h6 16. Bxf6 Bxf6 17. Rxd6 Bc6 18.
Rxd8 Rxd8 19. Nd4 Rxd4 20. Rxd4 Nf3+ 21. Qxf3 Bxd4 22. Qd3 Qe5 23. Bc2 g6 24. g3 Qf6 25.
Qd2 Kg7 26. Kg2 Qe5 27. Qd3 f5 28. f3 fxe4 29. Nxe4 Bxe4 30. Qxe4 Qxe4 31. Bxe4 b6 32. b3 g5 33. Kf1 Be5 34. g4 Kf6 35. Ke2 Ke7 36.
Kd3 Kd6 37. Bb7 a5 38. Kc4 Bf4 39. Kb5 Be3 40. Bc8 Bc5 41. Kc4 Ke5 42. Kd3 Kd6 43.
Ke4 Ba3 44. Ba6 Bc1 45. Bc4 Bd2 46. Kd3 Bc1 47. Bb5 Bb2 48. Ke4 Bc1 49. Ba6 Bd2 50.
Bc8 Bc1 51. Kd3 Ke5 52. Kc4 Be3 53. Kb5 Kf4 54. Bxe6 Kxf3 55. a4 Kg3 56. b4 axb4 57.
Kxb4 Kxh3 58. Kb5 Kh4 59. a5 bxa5 60. Kxa5 h5 61. gxh5 Kxh5 62. Kb5 g4 63. Bxg4+ Kxg4 1/2-1/2

[Event "*** Titled Tuesday 3|2 Blitz"]
[Site "Chess.com"]
[Date "2016.07.05"]
[Round "1"]
[White "macko06"]
[Black "SmoothAsAHedgehog"]
[Result "0-1"]
[WhiteElo "2211"]
[BlackElo "2519"]
[TimeControl "180+2"]
[EndTime "11:09:29 PDT"]
[Termination "SmoothAsAHedgehog won by resignation"]

1. d4 Nf6 2. Nf3 e6 3. c4 Bb4+ 4. Bd2 Qe7 5. g3 Nc6 6. Bg2 Bxd2+ 7. Qxd2 Ne4 8. Qc2 Qb4+ 9. Kf1 d5 10. cxd5 exd5 11.
a3 Qd6 12. Nc3 Bf5 13. Qc1 O-O 14. e3 Rfe8 15. Nxe4 Bxe4 16. Nd2 Bd3+ 17. Kg1 h5 18. h4 Nb8 19. Qc3 Bg6 20. Rc1 c6 21. Bf3 Nd7 22. Kg2 a5 23. b4 axb4 24. axb4 Nf6 25. Ra1 Bf5 26. Qc5 Qd7 27. Qc3 Bg4 28. Rxa8 Rxa8 29. Ra1 Re8 30. Bxg4 Nxg4 31. Nf3 g6 32. Rb1 Re6 33.
Qd3 Rf6 34. b5 Qd8 35. Qe2 Qe8 36. Qd3 Qe6 37. Qe2 Qe4 38. Rb3 c5 39. Ra3 cxd4 40.
Qd1 dxe3 41. Ra8+ Kg7 42. Qe2 Ne5 43. Re8 Qxf3+ 44. Qxf3 Rxf3 45. Rxe5 Rxf2+ 46. Kg1 d4 47. Re4 Rd2 48. Re7 Kf6 49. Re8 e2 50. Kf2 d3 51.
Re3 Rd1 52. b6 Rf1+ 53. Kg2 e1=Q 0-1

[Event "*** Titled Tuesday 3|2 Blitz"]
[Site "Chess.com"]
[Date "2016.07.05"]
[Round "1"]
[White "StoreySniper"]
[Black "fireheart92"]
[Result "0-1"]
[WhiteElo "2356"]
[BlackElo "1391"]
[TimeControl "180+2"]
[EndTime "11:09:29 PDT"]
[Termination "fireheart92 won on time"]

1. e4 e5 2. Nf3 Nc6 3. Bb5 a6 4.
Ba4 Nf6 5. O-O Bc5 6. d3 d6 7. h3 O-O 8. Nc3 Ne7 9. Be3 Bxe3 10. fxe3 Ng6 11. Bb3 Be6 12. Bxe6 fxe6 13. d4 exd4 14.
exd4 e5 15. dxe5 Nxe5 16. Nxe5 dxe5 17. Qxd8 Raxd8 18. Rad1 Rd4 19. Rd3 Rxd3 20. cxd3 Rd8 21.
Rf3 c6 22. Kf2 Kf7 23. Ke3 Ke6 24. b4 g6 25. Na4 Nd7 26. g4 b5 27. Nc5+ Nxc5 28.
bxc5 a5 29. g5 b4 30. Rf6+ Kd7 31. d4 exd4+ 32. Kxd4 Kc7+ 33. Kc4 Rd2 34. Rf7+ Kb8 35.
Kb3 Rd3+ 36. Kc4 Rxh3 37. Rf6 Kc7 38. Rf7+ Kd8 39. Rf6 Kd7 40. Rf7+ Ke6 41. Rc7 Rc3+ 42. Kd4 Rc2 43. Rxc6+ Kd7 44. Rd6+ Kc7 45. Rf6 Rxa2 46.
Kc4 Re2 47. Kb5 b3 48. Rf7+ Kd8 49. Kc6 b2 50. Rf8+ Ke7 51. Rb8 a4 52. Rb7+ Ke6 0-1

[Event "*** Titled Tuesday 3|2 Blitz"]
[Site "Chess.com"]
[Date "2016.07.05"]
[Round "1"]
[White "joppie2"]
[Black "bilelou"]
[Result "0-1"]
[WhiteElo "2517"]
[BlackElo "2260"]
[TimeControl "180+2"]
[EndTime "11:09:33 PDT"]
[Termination "bilelou won by resignation"]

1. e4 c5 2. Nf3 d6 3. d4 cxd4 4. Nxd4 Nf6 5. Nc3 a6 6. Nb3 g6 7.
Be2 Bg7 8. g4 Nc6 9. Be3 b5 10.
g5 Nd7 11. a3 Nce5 12. h4 h5 13. gxh6 Bxh6 14. Bxh6 Rxh6 15. Qd2 Rh8 16. O-O-O Bb7 17. h5 Qb6 18. f4 Nc4 19. Bxc4 bxc4 20. Nd4 gxh5 21. Nf5 Rb8 22. Na4 Qb5 23. Qd4 Rg8 24.
Nc3 Qc5 25. Qd2 Qb6 26. Na4 Qc6 27. Nc3 Qb6 28. Qe2 Ba8 29. Rxh5 Qxb2+ 30. Kd2 Nf6 31. Rg5 Kd7 32. Qxc4 Rgc8 33. Qd3 Rxc3 34. Qxa6 Qxc2+ 35. Ke1 Qxe4+ 36. Kf2 Qf3+ 37. Ke1 Rb2 38. Rxd6+ exd6 39.
Qxd6+ Kc8 40. Qf8+ Kb7 41. Qxf7+ Rc7 42. Nd6+ Kb8 43.
Qf8+ Ka7 44. Ra5+ Kb6 45. Qb8+ Kxa5 46. Qxa8+ Qxa8 0-1

[Event "*** Titled Tuesday 3|2 Blitz"]
[Site "Chess.com"]
[Date "2016.07.05"]
[Round "1"]
[White "cool64chess"]
[Black "Danhy"]
[Result "1-0"]
[WhiteElo "2209"]
[BlackElo "2492"]
[TimeControl "180+2"]
[EndTime "11:09:33 PDT"]
[Termination "cool64chess won on time"]

1. d4 Nf6 2. c4 g6 3. Nc3 d5 4. cxd5 Nxd5 5. e4 Nxc3 6. bxc3 Bg7 7. Bc4 c5 8. Ne2 Nc6 9. Be3 O-O 10. O-O Na5 11.
Bd3 b6 12. dxc5 bxc5 13. Bxc5 Qc7 14. Bd4 e5 15. Be3 Rd8 16. Qc2 Be6 17. Rfd1 Rac8 18. Ba6 Rxd1+ 19. Rxd1 Rb8 20. Ng3 h5 21. h3 Bc4 22.
Bxc4 Nxc4 23. Nf1 Bf8 24. Qa4 Nb2 25. Qd7 Qxc3 26. Rc1 Qa3 27. Qxa7 Qxa7 28. Bxa7 Ra8 29. Rc7 Nd3 30. Ne3 Nb4 31. a4 Na6 32. Rb7 Bc5 33.
Bxc5 Nxc5 34. Rb5 Nxe4 35. a5 f6 36. Nc4 Rc8 37. a6 Rxc4 38. a7 Rc1+ 39. Kh2 Ra1 40. Rb8+ Kg7 41. a8=Q Rxa8 42. Rxa8 1-0

[Event "*** Titled Tuesday 3|2 Blitz"]
[Site "Chess.com"]
[Date "2016.07.05"]
[Round "1"]
[White "LyonBeast"]
[Black "yopino"]
[Result "0-1"]
[WhiteElo "2734"]
[BlackElo "2378"]
[TimeControl "180+2"]
[EndTime "11:09:34 PDT"]
[Termination "yopino won by resignation"]

1. e4 c5 2. Nf3 g6 3. c3 Bg7 4. d4 cxd4 5. cxd4 d5 6. e5 Nh6 7. Bb5+ Nc6 8. O-O O-O 9. Nc3 Bg4 10. Bxc6 bxc6 11. h3 Bxf3 12. Qxf3 f6 13. exf6 Rxf6 14.
Qd3 Nf5 15. g4 Nd6 16. Bg5 Rf7 17. Rae1 Rb8 18. b3 a5 19. Re6 Rb4 20. Qe2 Rb7 21.
Rd1 Ra7 22. Bh4 Qd7 23. Re3 Bh6 24. Rf3 Rxf3 25. Qxf3 e6 26. Bg3 Ra8 27. Na4 Rf8 28. Qe2 Ne4 29. Nc5 Nxc5 30. dxc5 Bf4 31. Rd3 Bxg3 32.
Rxg3 d4 33. Qe4 Qd5 34. Qxd5 exd5 35. Rd3 Rf4 36. f3 h5 37. Kf2 h4 38. a3 Kf7 39. b4 axb4 40. axb4 Ke6 41. Ke2 Ke5 42. b5 cxb5 43. Rb3 d3+ 44. Rxd3 Rc4 45. Re3+ Kf4 46. Re6 Rc2+ 47. Kd3 Rxc5 48. Rxg6 Kxf3 49. g5 Rc4 50. Rf6+ Kg3 51. g6 Kxh3 52. Rf3+ Kg2 53. Re3 Rg4 54.
Re2+ Kf3 55. Re3+ Kf4 56. Re6 h3 57. Kd4 h2 58. Re1 Kg3+ 59. Kxd5 Rxg6 0-1

[Event "*** Titled Tuesday 3|2 Blitz"]
[Site "Chess.com"]
[Date "2016.07.05"]
[Round "1"]
[White "VSERGUEI"]
[Black "Makalexa"]
[Result "1-0"]
[WhiteElo "2497"]
[BlackElo "2154"]
[TimeControl "180+2"]
[EndTime "11:10:18 PDT"]
[Termination "VSERGUEI won by resignation"]

1. d4 Nf6 2. c4 e6 3. Nc3 Bb4 4.
f3 d5 5. a3 Bxc3+ 6. bxc3 O-O 7. cxd5 exd5 8. e3 c6 9. Bd3 Re8 10. Ne2 Nbd7 11. O-O Nf8 12. Ng3 g6 13. e4 Ne6 14. e5 Nd7 15. f4 Ng7 16. f5 c5 17.
e6 fxe6 18. fxg6 hxg6 19. Bxg6 Rf8 20. Bh6 Rxf1+ 21. Qxf1 Qf6 22. Qxf6 Nxf6 23. dxc5 Ng4 24. Bg5 Ne5 25. Bc2 Bd7 26. h3 Bb5 27. a4 Bd3 28. Bd1 Rc8 29. Be3 Nd7 30. c6 Rxc6 31. Bxa7 Rxc3 32.
a5 e5 33. Ne2 Bxe2 34. Bxe2 Ne6 35. Rb1 Nec5 36. Bg4 Nf6 37. Rb5 Nfe4 38. Bf3 d4 39. Bxc5 Nxc5 40. Bxb7 d3 41. Bf3 e4 42. a6 Nxa6 43.
Bxe4 d2 44. Bf3 Rxf3 45. Rd5 Rf6 46. Rxd2 Nc7 47. g3 Ne6 48. Kg2 Ng5 49. h4 Nf7 50. Re2 Kg7 51. g4 Ne5 52. Rxe5 Rf8 53. Kg3 Kh7 54.
h5 Kh8 55. Kh4 Rg8 56. g5 Kh7 57. Re7+ Kh8 58. h6 Ra8 59. Kh5 Rb8 60. Ra7 Rc8 61.
Ra5 Rg8 62. g6 Rb8 63. h7 Kg7 64. Ra7+ Kh8 65. Kh6 Rg8 66. hxg8=Q+ 1-0

[Event "*** Titled Tuesday 3|2 Blitz"]
[Site "Chess.com"]
[Date "2016.07.05"]
[Round "1"]
[White "olgerts_indricans"]
[Black "wonderfultime"]
[Result "0-1"]
[WhiteElo "2343"]
[BlackElo "2676"]
[TimeControl "180+2"]
[EndTime "11:10:23 PDT"]
[Termination "wonderfultime won by resignation"]

1. d4 d5 2. c4 c6 3. Nf3 Nf6 4. Nc3 dxc4 5. a4 Bf5 6. Ne5 Nbd7 7.
Nxc4 Nb6 8. Ne5 a5 9. e3 g6 10.
Be2 Bg7 11. O-O O-O 12. b3 Nfd7 13. Nxd7 Qxd7 14. Ba3 Rfd8 15. Rc1 Rac8 16. Bc5 Qc7 17. Bg4 Bxg4 18. Qxg4 e6 19. Rfd1 Nd7 20. Be7 Re8 21. Nb5 Qb6 22. Bc5 Qa6 23. Nd6 b6 24. Ba3 Bf8 25. Qf4 Bxd6 26. Qxd6 Qb7 27. h4 h5 28. Rd2 b5 29. Rdc2 b4 30. Bb2 Nb8 31. Rc5 Red8 32. Qe5 Nd7 33. Qf4 Nxc5 34. dxc5 Rd2 35. Qf6 Rxb2 36. Qxb2 Rd8 37. Qe5 Rd5 38. Qf4 Qd7 39.
Qb8+ Kg7 40. Qb6 Rd1+ 41. Rxd1 Qxd1+ 42. Kh2 Qxb3 43. Qxa5 Qc4 44. Qb6 b3 45. a5 Qxh4+ 46.
Kg1 Qc4 47. a6 Qc1+ 48. Kh2 b2 49. a7 b1=Q 50. Qxb1 Qxb1 51. a8=Q Qe4 52. Qa3 Qe5+ 53. g3 h4 54. Kg2 hxg3 55. fxg3 g5 56. g4 Qe4+ 57.
Kg3 Kg6 58. Qc3 f6 59. Qa3 f5 60. gxf5+ exf5 61. Qc3 Qg4+ 62. Kf2 Qh4+ 63. Kg2 Qe4+ 64. Kf2 f4 65. exf4 Qxf4+ 66. Kg2 Qe4+ 67. Kf2 Kf5 68. Qg7 Qc2+ 69. Kf1 Qc4+ 70. Kg2 Qc2+ 71. Kf3 Qe4+ 72. Kg3 Qe3+ 73. Kg2 Qxc5 74. Qd7+ Ke5 75. Qg7+ Ke4 76. Qg6+ Kd4 77. Qf6+ Kc4 78. Qe6+ Qd5+ 0-1

[Event "*** Titled Tuesday 3|2 Blitz"]
[Site "Chess.com"]
[Date "2016.07.05"]
[Round "1"]
[White "armago"]
[Black "Gajuchess"]
[Result "0-1"]
[WhiteElo "2247"]
[BlackElo "2528"]
[TimeControl "180+2"]
[EndTime "11:10:25 PDT"]
[Termination "Gajuchess won on time"]

1. d4 Nf6 2. c4 e6 3. Nc3 Bb4 4.
e3 O-O 5. Bd3 d5 6. Nf3 b6 7.
O-O Ba6 8. cxd5 exd5 9. Bxa6 Nxa6 10. Qa4 Qc8 11. Ne5 Re8 12. Nc6 Bd6 13. Nb5 Bf8 14. Bd2 Ne4 15. Rfd1 Re6 16. Rac1 Rh6 17. Be1 Qb7 18. f3 Nd6 19. Nxd6 Bxd6 20. Bg3 Re8 21. Ne5 b5 22. Qc2 Rhe6 23. Qc6 Qxc6 24. Rxc6 Nb4 25.
Rcc1 c5 26. a3 Na6 27. Nd3 c4 28. Bxd6 Rxd6 29. Nb4 Nxb4 30. axb4 Rxe3 31. Ra1 a6 32. Ra5 Rb3 33. Rda1 Rxb2 34. Rxb5 h5 35. Rba5 c3 36. Rc5 Re6 37. Rxc3 Ree2 38. h4 Rxg2+ 39. Kh1 Rh2+ 40. Kg1 Rbg2+ 41. Kf1 Rb2 42. Kg1 Rxh4 43.
Rxa6 Rxb4 44. Ra8+ Kh7 45. Ra7 Rf4 46. Rd3 Kg6 47.
Kg2 Rbxd4 48. Ra6+ f6 49. Rb3 Rb4 50. Rc3 Rfc4 51. Rd3 d4 52. Rd6 Rc3 53. R6xd4 Rxd4 54. Rxc3 Kg5 55. Kg3 h4+ 56. Kh3 f5 57. Rb3 g6 58. Ra3 Rd1 59. Ra4 Rd3 60. Kg2 Kh5 61.
Rb4 g5 62. Rb5 f4 63. Rb4 h3+ 64. Kh2 Kh4 65. Rb8 Rd2+ 66. Kg1 Kg3 67. Rb1 Rg2+ 68. Kh1 h2 0-1

[Event "*** Titled Tuesday 3|2 Blitz"]
[Site "Chess.com"]
[Date "2016.07.05"]
[Round "1"]
[White "rikyshi"]
[Black "AvitalBor"]
[Result "0-1"]
[WhiteElo "2111"]
[BlackElo "2471"]
[TimeControl "180+2"]
[EndTime "11:10:41 PDT"]
[Termination "AvitalBor won by resignation"]

1. e4 e5 2. d4 exd4 3. Nf3 Nc6 4. c3 Nf6 5. e5 Ne4 6. Qe2 d5 7. exd6 f5 8. Nxd4 Nxd4 9. cxd4 Kf7 10. dxc7 Qxd4 11. Qc4+ Qxc4 12. Bxc4+ Be6 13. Bxe6+ Kxe6 14. O-O Rc8 15. Be3 a6 16. Nc3 Nxc3 17. bxc3 Rxc7 18.
Rfe1 Kf7 19. Bd4 Ba3 20. Re5 Kg6 21. Rb1 Rf8 22. Re6+ Kf7 23. Re5 Kg8 24. Rb6 Rd8 25.
g3 g6 26. Rbe6 Bf8 27. Kg2 Rdc8 28. Rd5 Rc6 29. Rxc6 Rxc6 30. a4 Rc7 31. a5 Kf7 32. Bb6 Ke6 33. Rd8 Rf7 34. f4 Be7 35. Rd3 Bd6 36.
Re3+ Kd5 37. Rd3+ Kc6 38. Kf3 Re7 39. Rd4 Rd7 40. Ke2 Bf8 41. Kd3 Rxd4+ 42. Kxd4 Bd6 43.
Bd8 Bc5+ 44. Ke5 Bg1 45. h3 Kb5 46. Kf6 Bh2 47. Kg7 Bxg3 48. Bc7 Be1 49. Kxh7 Bxc3 50. Kxg6 Kc6 51. Be5 Bxa5 52. Kxf5 Kd5 53. h4 Bb4 54. h5 Bf8 55. Kg6 a5 56. Bg7 Bxg7 57. Kxg7 a4 58. h6 a3 59. h7 a2 60. h8=Q a1=Q+ 61. Kh7 Qxh8+ 62. Kxh8 Ke4 63. Kg7 Kxf4 64. Kf6 b5 65. Ke6 b4 0-1

[Event "*** Titled Tuesday 3|2 Blitz"]
[Site "Chess.com"]
[Date "2016.07.05"]
[Round "1"]
[White "AlexanderL"]
[Black "ftorodent"]
[Result "1/2-1/2"]
[WhiteElo "2562"]
[BlackElo "2303"]
[TimeControl "180+2"]
[EndTime "11:11:08 PDT"]
[Termination "Game drawn by stalemate"]

1. d4 d5 2. c4 e6 3. Nf3 Nf6 4. g3 Be7 5. Bg2 O-O 6. O-O dxc4 7. Ne5 Nc6 8. Nxc6 bxc6 9. Na3 Bxa3 10. bxa3 Rb8 11. Qa4 Rb6 12. Qxc4 Ba6 13. Qc2 Qd7 14. Rd1 Rfb8 15. e4 Qe7 16. f3 h6 17. Qc3 Qe8 18. Be3 Rb2 19. Rd2 Rb1+ 20. Rxb1 Rxb1+ 21. Kf2 c5 22. Qxc5 Qa4 23. g4 Rd1 24. Rxd1 Qxd1 25. Kg3 Bf1 26. Qc1 Qxc1 27. Bxc1 Bxg2 28.
Kxg2 c6 29. Kf2 Kf8 30. Ke2 Ke7 31. Kd3 Nd7 32. Kc4 Nb6+ 33. Kb4 Kd7 34. a4 Kc7 35.
Bf4+ Kd7 36. h4 Kc8 37. Bd6 Nd7 38. g5 hxg5 39. hxg5 g6 40. f4 Kb7 41. Bc5 Ka6 42.
Kc4 Kb7 43. a5 Ka6 44. Bb4 Kb7 45. Bc3 Ka6 46. d5 cxd5+ 47. exd5 Kb7 48. Be5 a6 49. Kd4 Kc8 50. Bd6 Kd8 51. Ke4 Ke8 52. Kd4 Kd8 53.
Be5 Kc8 54. dxe6 fxe6 55. f5 exf5 56. Bd6 f4 57. Bxf4 Nf8 58. Ke5 Kd7 59. Kf6 Ke8 60.
Be3 Nh7+ 61. Kxg6 Nxg5 62. Kxg5 Kd7 63. Kf5 Kc8 64. Ke6 Kb7 65. Kd7 Ka8 66. Kc6 Kb8 67. Bf4+ Ka8 68. Kc7 Ka7 69. Bd2 Ka8 70. Kb6 Kb8 71.
Be3 Ka8 72. Kxa6 Kb8 73. Bf4+ Ka8 74. Bg3 1/2-1/2

[Event "*** Titled Tuesday 3|2 Blitz"]
[Site "Chess.com"]
[Date "2016.07.05"]
[Round "1"]
[White "Sanan_Sjugirov"]
[Black "underdogchss"]
[Result "1-0"]
[WhiteElo "2659"]
[BlackElo "2342"]
[TimeControl "180+2"]
[EndTime "11:11:12 PDT"]
[Termination "Sanan_Sjugirov won by resignation"]

1. d4 Nf6 2. Nf3 e6 3. Bg5 h6 4.
Bh4 d6 5. Nbd2 Nbd7 6. c3 g5 7.
Bg3 Nh5 8. e4 Bg7 9. Bd3 Nxg3 10.
hxg3 b6 11. Qe2 Bb7 12. Ba6 Qc8 13. Bb5 c6 14. Bd3 Qc7 15. O-O-O O-O-O 16. Nc4 b5 17. Ne3 Kb8 18. Kb1 a6 19. g4 d5 20. Bc2 dxe4 21. Bxe4 c5 22. Bxb7 Qxb7 23. d5 Nb6 24. dxe6 Qe4+ 25. Qc2 Qxc2+ 26. Kxc2 fxe6 27. Rhe1 Kc7 28. Rxd8 Rxd8 29. Nf1 Rd6 30. Ng3 Kd7 31. Ne4 Rc6 32.
Rd1+ Ke7 33. b3 Nd5 34. a3 a5 35. c4 bxc4 36. bxc4 Nb6 37. Nfd2 Bd4 38. Rh1 e5 39. f3 Be3 40. Nf1 Bd4 41. Ned2 e4 42. fxe4 Be5 43. Ne3 Kf8 44. Rf1+ Kg8 45. Nd5 Kg7 46. Rb1 Nxd5 47.
cxd5 Rf6 48. Nc4 Rf2+ 49. Kd3 Bf4 50. Rb7+ Kf8 51. d6 Rf1 52. e5 Re1 53. Rb8+ Kf7 54.
Rb7+ Kf8 55. Kc2 Re4 56. Kb3 Rd4 57. Rb8+ Kf7 58. Rb7+ Kf8 59. Kc3 Bg3 60. a4 Be1+ 61. Kb3 Bg3 62. Re7 Rd3+ 63. Kc2 Rd4 64. Nb6 Bxe5 65.
Nd7+ Kg8 66. Nxe5 Rxd6 67. Nf3 Rf6 68. Re4 Rb6 69. Rc4 Rc6 70. Ne5 Rc7 71. Nd3 Kg7 72. Rxc5 Re7 73. Rxa5 1-0

[Event "*** Titled Tuesday 3|2 Blitz"]
[Site "Chess.com"]
[Date "2016.07.05"]
[Round "1"]
[White "Keranke"]
[Black "LazovT"]
[Result "1/2-1/2"]
[WhiteElo "2562"]
[BlackElo "2254"]
[TimeControl "180+2"]
[EndTime "11:11:26 PDT"]
[Termination "Game drawn by agreement"]

1. d4 Nf6 2. c4 g6 3. g3 Bg7 4.
Bg2 O-O 5. Nf3 d5 6. cxd5 Nxd5 7. O-O Nb6 8. Nc3 Nc6 9. e3 Re8 10. Nh4 e5 11. d5 Na5 12. e4 c6 13. Qe2 Bf6 14. Rd1 cxd5 15. Nxd5 Nxd5 16. Rxd5 Qc7 17. Bd2 Nc6 18. Rc1 Be6 19. Rdc5 Bxa2 20. b4 Nd4 21. Qe3 Qb6 22. Rc7 Be6 23. Nf3 Nb3 24. Qxb6 axb6 25.
Rb1 Nxd2 26. Nxd2 Rec8 27. Rxb7 Ra2 28. Nf3 Rcc2 29. Rxb6 Rxf2 30. Bh1 Kg7 31. Rc6 Bg4 32. Rc3 Rfb2 33. Rxb2 Rxb2 34. Rc5 Rb1+ 35. Kg2 Bxf3+ 36. Kxf3 Rxh1 37. h4 Rb1 38. b5 h5 39. Rd5 Rb3+ 40.
Kf2 Kf8 41. Rc5 Ke8 42. Rd5 Ke7 43. Rc5 Ke6 44. Rc6+ Ke7 45. Rc7+ Kf8 46. Rc5 Bg7 47. Rc8+ Ke7 48. Rc7+ Ke6 49. Rc6+ Kd7 50. Rb6 f5 51. Rxg6 Bf8 52. exf5 Rxb5 53. Rg5 Bc5+ 54. Kf3 Rb4 55. Rxh5 Be7 56. Rh6 Ke8 57. Re6 Kf7 58. Rxe5 Bd6 59. Re3 Bc7 60. Kg2 Kf6 61. Rf3 Rb2+ 62. Kh3 Rb5 63. g4 Rb4 64. g5+ Kf7 65. Rd3 Be5 66. Rd7+ Ke8 67. Rh7 Kf8 68. f6 Rf4 69. h5 Bxf6 70.
gxf6 Rxf6 71. Kg4 Kg8 72. Rc7 Rf7 73. Rc6 Kh7 74. Kg5 Rg7+ 75. Kf5 Rf7+ 76. Kg5 Rg7+ 77. Kf6 Rg8 78. Kf7 Rg7+ 79. Kf6 Rg8 1/2-1/2

[Event "*** Titled Tuesday 3|2 Blitz"]
[Site "Chess.com"]
[Date "2016.07.05"]
[Round "2"]
[White "rithwik2002"]
[Black "proxy6"]
[Result "1-0"]
[WhiteElo "1889"]
[BlackElo "1910"]
[TimeControl "180+2"]
[EndTime "11:14:26 PDT"]
[Termination "rithwik2002 won by resignation"]

1. d4 Nf6 2. Bf4 e6 3. e3 c5 4. c3 b6 5. Nf3 Bb7 6. Nbd2 Be7 7. Bd3 O-O 8. O-O d5 9. Ne5 Nbd7 10. Qf3 Re8 11. h4 Nf8 12. h5 h6 13. Bxh6 gxh6 14. Qg3+ 1-0

[Event "*** Titled Tuesday 3|2 Blitz"]
[Site "Chess.com"]
[Date "2016.07.05"]
[Round "2"]
[White "FCChelsea14"]
[Black "ilya261991"]
[Result "0-1"]
[WhiteElo "2410"]
[BlackElo "2451"]
[TimeControl "180+2"]
[EndTime "11:15:07 PDT"]
[Termination "ilya261991 won by resignation"]

1. d4 Nf6 2. Nf3 g6 3. c4 Bg7 4. Nc3 d5 5. Bf4 O-O 6. e3 Be6 7. cxd5 Nxd5 8. Nxd5 Bxd5 9. Be2 c5 10. O-O cxd4 11.
exd4 Nc6 12. Ne5 Rc8 13. Qa4 Qa5 14. Qxa5 Nxa5 15. Rac1 Nc6 16. Rc5 Nxd4 0-1

[Event "*** Titled Tuesday 3|2 Blitz"]
[Site "Chess.com"]
[Date "2016.07.05"]
[Round "2"]
[White "Frolyanov_D"]
[Black "Christov91"]
[Result "1-0"]
[WhiteElo "2449"]
[BlackElo "2403"]
[TimeControl "180+2"]
[EndTime "11:15:17 PDT"]
[Termination "Frolyanov_D won by resignation"]

1. e4 e6 2. d4 d5 3. Nc3 Bb4 4. e5 c5 5. a3 Bxc3+ 6. bxc3 Ne7 7.
Qg4 Qc7 8. Qxg7 Rg8 9. Qxh7 cxd4 10. Ne2 Nbc6 11. f4 dxc3 12. h4 Bd7 13. h5 O-O-O 14. Qd3 d4 15. h6 Rg6 16. h7 Rh8 17. Nxd4 Nxd4 18. Qxd4 a6 19. Qf2 Bc6 20. Be3 Nf5 21.
Bb6 Qd7 22. Rd1 Bd5 23. Qc5+ Qc6 24. Qxc6+ Bxc6 25. Rd8+ 1-0

[Event "*** Titled Tuesday 3|2 Blitz"]
[Site "Chess.com"]
[Date "2016.07.05"]
[Round "2"]
[White "Quiet_Desperation"]
[Black "LyonBeast"]
[Result "0-1"]
[WhiteElo "2200"]
[BlackElo "2735"]
[TimeControl "180+2"]
[EndTime "11:15:19 PDT"]
[Termination "LyonBeast won by resignation"]

1. e4 c5 2. Nf3 d6 3. d4 cxd4 4. Nxd4 Nf6 5. Nc3 a6 6. Be3 Qc7 7. Nb3 g6 8. f3 Bg7 9. Qd2 b5 10.
O-O-O Bb7 11. h4 Nbd7 12. Kb1 Ne5 13. Nd5 Bxd5 14. exd5 Nc4 15. Bxc4 bxc4 16. Na5 Rb8 17.
Nc6 Rxb2+ 18. Kc1 Ne4 19. Qa5 Rb5 0-1